 Dungeon Crawl Stone Soup version 0.21.1-1-g345015f (webtiles) character file.

1582 Fang the Chopper (level 8, -1/52 HPs)
             Began as a Gargoyle Berserker on June 4, 2018.
             Was an Elder of Trog.
             Slain by an orc (5 damage)
             ... on level 7 of the Dungeon.
             The game lasted 00:06:47 (5884 turns).

Fang the Chopper (Gargoyle Berserker)               Turns: 5884, Time: 00:06:48

Health: -1/52      AC:  0    Str: 23      XL:     8   Next: 92%
Magic:  7/7        EV: 13    Int:  8      God:    Trog [****..]
Gold:   333        SH:  0    Dex:  8 (11) Spells: 7/7 levels left

rFire    . . .     SeeInvis +   a - +0 hand axe
rCold    . . .     Gourm    .   (no shield)
rNeg     + . .     Faith    .   b - +1 animal skin
rPois    ∞         Spirit   .   (no helmet)
rElec    +         Reflect  .   (no cloak)
rCorr    .         Harm     .   (no gloves)
MR       .....     Rnd*Rage +   (no boots)
Stlth    +++.......             (no amulet)
HPRegen  0.17/turn              j - ring of see invisible
MPRegen  0.10/turn              f - ring of stealth

@: corroded, berserk cooldown, slowed, very slow
A: agile 1, berserk 1, low mp 1, negative energy resistance 1, electricity
resistance, wild magic 1, unbreathing, petrification resistance, rot immunity,
AC +5
a: Berserk, Trog's Hand, Brothers in Arms, Burn Spellbooks, Renounce Religion


You were on level 7 of the Dungeon.
You worshipped Trog.
Trog was greatly pleased with you.
You were near starving.

You visited 2 branches of the dungeon, and saw 8 of its levels.

You collected 333 gold pieces.

Inventory:

Hand Weapons
 a - a +0 hand axe (weapon)
Armour
 b - a +1 animal skin (worn)
Jewellery
 f - a ring of stealth (right hand)
 j - a ring of see invisible (left hand)
 l - an uncursed ring of positive energy
Wands
 r - a wand of acid (11)
 s - a wand of polymorph (7)
Scrolls
 e - 6 scrolls of identify
 n - a scroll of holy word {unknown}
 q - a scroll of enchant armour
 t - a scroll of magic mapping {unknown}
 u - a scroll of noise {unknown}
 v - a scroll of blinking {unknown}
Potions
 d - 3 potions of magic
 g - 2 potions of curing
 h - a potion of lignification {unknown}
 i - 2 potions of flight
 k - 3 potions of brilliance
 p - 3 potions of haste
Books
 m - a book of Cantrips

   Spells                             Type                      Level
   a - Confusing Touch                Hexes                        1
   b - Animate Skeleton               Necromancy                   1
   c - Summon Small Mammal            Summoning                    1
   d - Apportation                    Translocation                1
   Trog disapproves of the use of such an item.
 o - a book of Cantrips

   Spells                             Type                      Level
   a - Confusing Touch                Hexes                        1
   b - Animate Skeleton               Necromancy                   1
   c - Summon Small Mammal            Summoning                    1
   d - Apportation                    Translocation                1
   Trog disapproves of the use of such an item.
Comestibles
 c - 10 rations


   Skills:
 + Level 6.4 Fighting
 + Level 7.5 Axes
 + Level 2.3 Armour
 + Level 3.4 Dodging
 + Level 4.4 Stealth
 + Level 1.3 Unarmed Combat


You had 7 spell levels left.
You didn't know any spells.

Dungeon Overview and Level Annotations

Branches:
Dungeon (7/15)             Temple (1/1) D:5

Altars:
Ashenzari
Cheibriados
Dithmenos
Elyvilon
Fedhas
Gozag
Hepliaklqana
Kikubaaqudgha
Makhleb
Nemelex Xobeh
Okawaru
Qazlal
Ru
Sif Muna
Trog
Uskayaw
Vehumet
Wu Jian
Xom
Yredelemnul
Zin
The Shining One


Innate Abilities, Weirdness & Mutations

You are resistant to torment.
Your stone body is resilient. (AC +5)
You are immune to poison.
You resist negative energy. (rN+)
You are resistant to electric shocks. (rElec)
You can survive without breathing.
You are immune to petrification.
You are immune to rotting.
You are agile. (Dex +2)
You tend to lose your temper in combat.
Your magical capacity is low. (-10% MP)
Your spells are a little harder to cast, but a little more powerful.


Message History

Unknown command.
You feel your anger nearly subside.
A hound comes into view.
You are no longer berserk.
You are exhausted.
You feel yourself slow down.
The hound barks!
The orc closely misses you.
An orc comes into view. It is wielding a hand axe of chopping.
The orc wizard barely misses you. The orc hits you.
* * * LOW HITPOINT WARNING * * *
The orc wizard closely misses you.
An iguana comes into view.
Unknown command.
The iguana hisses angrily.
The orc shouts!
You hit the orc wizard but do no damage.
You hit the orc but do no damage.
You hear an angry hiss.
The orc hits you.
You die...

#..#.#.#
#.#..#...#
#.#..#.#.#
#.#....#.#
#.#....#.#
###......#.# #
###........".#(##
#........@....?.#
#.....#.#oo####..#
#######...Foh...
...
#...<............
.
#.#####...........
#...o.......
#.........l.
#......S....
..........


You could see a bullfrog, an iguana, a hound, an orc wizard, an adder and 3
orcs.

Vanquished Creatures
  Pikel (D:5)
  A water moccasin (D:6)
  2 black bears (D:6)
  2 slaves (D:5)
  A bullfrog (D:6)
  4 scorpions
  A howler monkey (D:5)
  3 crimson imps (D:5)
  A quasit (D:7)
  2 jellies
  2 orc priests
  2 worker ants
  A worker ant zombie (D:5)
  7 gnolls
  4 adders
  An adder zombie (D:5)
  2 worms
  A dart slug (D:3)
  11 leopard geckos
  12 orcs
  4 giant cockroaches
  8 goblins
  4 hobgoblins
  8 kobolds
  2 quokkas
  A ball python skeleton (D:4)
  7 bats
  4 frilled lizards
  8 rats
107 creatures vanquished.

Vanquished Creatures (others)
  2 jackals (D:5)
2 creatures vanquished.

Grand Total: 109 creatures vanquished

Notes
Turn   | Place    | Note
-------+----------+-------------------------------------------
     0 | D:1      | Fang the Gargoyle Berserker began the quest for the Orb.
     0 | D:1      | Reached XP level 1. HP: 14/14 MP: 1/1
   227 | D:1      | Reached XP level 2. HP: 4/19 MP: 2/2
   578 | D:1      | Reached skill level 3 in Axes
  1002 | D:1      | Reached XP level 3. HP: 24/24 MP: 3/3
  1111 | D:2      | Reached ** piety under Trog
  1119 | D:2      | Found an ornate altar of the Wu Jian Council.
  1584 | D:2      | Reached skill level 1 in Stealth
  1703 | D:2      | Reached XP level 4. HP: 17/29 MP: 4/4
  2379 | D:3      | Reached skill level 4 in Axes
  2379 | D:3      | Reached XP level 5. HP: 27/33 MP: 5/5
  2870 | D:3      | Reached *** piety under Trog
  3537 | D:4      | Gained mutation: Your mind is acute. (Int +2) [potion of mutation]
  3537 | D:4      | Gained mutation: You are resistant to hostile enchantments. (MR+) [potion of mutation]
  3537 | D:4      | Gained mutation: You are agile. (Dex +2) [potion of mutation]
  3764 | D:4      | Reached XP level 6. HP: 38/39 MP: 6/6
  4040 | D:4      | Lost mutation: You are resistant to hostile enchantments. (MR+) [potion of mutation]
  4040 | D:4      | Lost mutation: Your mind is acute. (Int +2) [potion of mutation]
  4040 | D:4      | Gained mutation: You tend to lose your temper in combat. [potion of mutation]
  4040 | D:4      | Gained mutation: Your magical capacity is low. (-10% MP) [potion of mutation]
  4040 | D:4      | Gained mutation: Your spells are a little harder to cast, but a little more powerful. [potion of mutation]
  4093 | D:5      | Entered Level 5 of the Dungeon
  4298 | D:5      | Reached skill level 5 in Axes
  4481 | D:5      | Reached XP level 7. HP: 35/44 MP: 6/6
  4563 | D:5      | Noticed Pikel
  4585 | D:5      | Killed Pikel
  4585 | D:5      | Reached skill level 5 in Fighting
  4585 | D:5      | Reached skill level 6 in Axes
  4585 | D:5      | Reached XP level 8. HP: 48/50 MP: 7/7
  4737 | D:5      | Found a staircase to the Ecumenical Temple.
  4780 | Temple   | Entered the Ecumenical Temple
  5245 | D:6      | Reached skill level 1 in Unarmed Combat
  5390 | D:6      | Found a bloodstained altar of Trog.
  5398 | D:6      | Reached skill level 7 in Axes
  5872 | D:7      | Reached **** piety under Trog
  5884 | D:7      | Slain by an orc

Skill      XL: |  1  2  3  4  5  6  7  8 |
---------------+-------------------------+-----
Axes           | 3 4 5 6 7 |  7.5
Fighting       | 4 5 6 |  6.4
Stealth        | 1 2 3 4 |  4.4
Dodging        | 2 3 |  3.4
Unarmed Combat | 1 |  1.3
Armour         | |  2.3

Action                   |  1- 3 |  4- 6 |  7- 9 || total
-------------------------+-------+-------+-------++-------
Melee: Hand axe          |   123 |   157 |   106 ||   386
       Unarmed           |       |       |     5 ||     5
Invok: Berserk           |       |     4 |     3 ||     7
  Use: Scroll            |       |     9 |       ||     9
       Potion            |       |     2 |       ||     2
 Stab: Sleeping          |     3 |     5 |     3 ||    11
  Eat: Chunk             |     2 |    13 |     2 ||    17
       Ration            |       |       |     1 ||     1
Armor: Animal skin       |    44 |    40 |    34 ||   118
Dodge: Dodged            |    96 |    97 |    93 ||   286
